 Dungeon Crawl Stone Soup version 0.28.0-43-g3370ac3207 (webtiles) character file.

Game seed: 17476650741157182500

821 croobank the Firebug (level 7, -4/51 HPs)
             Began as a Gnoll Fire Elementalist on Mar 3, 2022.
             Slain by Grinder (6 damage)
             ... on level 5 of the Dungeon.
             The game lasted 00:17:24 (3955 turns).

croobank the Firebug (Gnoll Fire Elementalist)      Turns: 3955, Time: 00:17:25

Health: -4/51      AC:  8    Str:  7      XL:     7   Next: 95%
Magic:  1/14       EV: 13    Int: 16      God:
Gold:   119        SH:  0    Dex: 12 (13) Spells: 7/17 levels left

rFire   . . .      SeeInvis .   m - +0 short sword
rCold   + . .      Faith    .   (no shield)
rNeg    . . .      Spirit   .   a - +1 robe
rPois   .          Reflect  .   f - +2 hat
rElec   .          Harm     .   (no cloak)
rCorr   .          Rampage  .   (no gloves)
Will    .....                   v - +2 pair of boots
Stlth   ++++......              c - amulet of regeneration
HPRegen 0.97/turn               d - ring of wizardry
MPRegen 0.14/turn               g - ring of protection from cold

@: unable to read
A: fangs 1, strong nose, distributed training, thin skeletal structure 1, clumsy
1, low MP 1, inability to read while threatened
a: no special abilities


You were on level 5 of the Dungeon.
You visited 1 branch of the dungeon, and saw 5 of its levels.
You also visited: Ossuary.

You collected 119 gold pieces.

Inventory:

Hand Weapons
 m - a +0 short sword (weapon)
Missiles
 e - 160 stones
 k - 2 poisoned darts
 l - 42 sling bullets
 q - 7 arrows
 r - 15 bolts
 s - a datura-tipped dart (quivered)
 u - 4 boomerangs
Armour
 a - a +1 robe (worn)
 f - a +2 hat (worn)
 h - a +0 ring mail
 v - a +2 pair of boots (worn)
Magical Staves
 o - a staff of cold
Jewellery
 c - an amulet of regeneration (around neck)
 d - a ring of wizardry (left hand)
 g - a ring of protection from cold (right hand)
Scrolls
 j - 2 scrolls of amnesia
 p - a scroll of fear
Potions
 b - 2 potions of curing


   Skills:
 + Level 2.8 Fighting
 + Level 2.8 Short Blades
 + Level 2.8 Long Blades
 + Level 2.8 Axes
 + Level 2.8 Maces & Flails
 + Level 2.8 Polearms
 + Level 2.8 Staves
 + Level 2.8 Slings
 + Level 2.8 Bows
 + Level 2.8 Crossbows
 + Level 2.8 Throwing
 + Level 2.8 Armour
 + Level 5.4 Dodging
 + Level 5.1 Stealth
 + Level 2.8 Shields
 + Level 2.8 Unarmed Combat
 + Level 5.8 Spellcasting
 + Level 3.2 Conjurations
 + Level 2.3 Hexes
 + Level 2.3 Summonings
 + Level 2.3 Necromancy
 + Level 2.3 Translocations
 + Level 2.3 Transmutations
 + Level 5.9 Fire Magic
 + Level 2.3 Ice Magic
 + Level 2.3 Air Magic
 + Level 2.3 Earth Magic
 + Level 2.3 Poison Magic
 + Level 3.1 Invocations
 + Level 2.8 Evocations


You had 7 spell levels left.
You knew the following spells:

 Your Spells              Type           Power      Damage    Failure   Level
a - Foxfire               Conj/Fire      76%        2x1d7     1%          1
b - Scorch                Fire           46%        2d7       1%          2
c - Confusing Touch       Hex            12%        N/A       6%          3
d - Flame Wave            Conj/Fire      19%        2d6       9%          4

Your spell library contained the following spells:

 Spells                   Type           Power      Damage    Failure   Level
 Animate Skeleton         Necr           24%        N/A       2%          1
 Apportation              Tloc           24%        N/A       2%          1
 Summon Small Mammal      Summ           48%        N/A       2%          1
 Conjure Flame            Conj/Fire      19%        6-21      2%          3
 Inner Flame              Hex/Fire       17%        N/A       3%          3
 Yara's Violent Unravell  Hex/Tmut       6%         3d5       50%         5
 Enfeeble                 Hex            6%         N/A       100%        7


Dungeon Overview and Level Annotations

Branches:
Dungeon (5/15)            Ossuary (visited)
 Temple: D:4-7

Altars:
Cheibriados

Shops:
D:1 [

Annotations:
D:5 Eustachio, Grinder


Innate Abilities, Weirdness & Mutations

You have very sharp teeth.
Your uncanny sense of smell can sniff out nearby items.
Your experience applies equally to all skills.
You have a somewhat thin skeletal structure. (Dex +2, Stealth+)
You are clumsy. (Dex -2)
Your magical capacity is low. (-10% MP)
You sometimes lose the ability to read scrolls when taking damage.


Message History

Grinder hits you.
* * * LOW HITPOINT WARNING * * *
You aren't carrying any items that you can evoke.
Throw: 3 darts (datura)
Press: ? - help, Q - select action, (/) - cycle Shift-Dir - straight line, f - Grinder
Aim: Grinder (severely wounded, more vulnerable to fire, 55% to hit, chance to frenzy on hit: 56%)
You throw a datura-tipped dart.
The datura-tipped dart closely misses Grinder.
Grinder says, "There's only one good use for a tongue: cutting it out."
Grinder barely misses you.
Throw: 2 darts (datura)
Press: ? - help, Q - select action, (/) - cycle Shift-Dir - straight line, f/p - Grinder
Aim: Grinder (severely wounded, more vulnerable to fire, 55% to hit, chance to frenzy on hit: 56%)
You throw a datura-tipped dart. The datura-tipped dart hits Grinder.
Grinder resists.
Grinder is severely wounded.
Grinder gestures at you.
You suddenly lose the ability to move!
Grinder hits you.
* * * LOW HITPOINT WARNING * * *
You writhe in agony.
* * * LOW HITPOINT WARNING * * *
Grinder blinks!
Grinder hits you.
* * * LOW HITPOINT WARNING * * *
You writhe in agony.
* * * LOW HITPOINT WARNING * * *
Grinder gestures at you.
You struggle to resist.
Grinder hits you but does no damage.
You can move again.
It was a potion of mutation.
You feel extremely strange.
You feel less energetic.
You feel clumsy.
You lose the ability to read scrolls when threatened.
Your bones become slightly less dense.
Grinder hits you.
You feel threatened and lose the ability to read scrolls!
* * * LOW HITPOINT WARNING * * *
You writhe in agony.
You die...

# #...$# # #
#.##########
#?#....# #.#
###.#....#
##........#
...)..>...# ###
#......<.5# ##8##
#.####....# #...#
.........###...#
###.#####(..∩..(@.#
..# .......###.5.#
#.# #....?..# #...#
..$#....# ##8##
##.##...# ### .
....# ##...# ....


You could see Grinder (combustible).

Vanquished Creatures
  Menkaure (D:5)
  A water moccasin (D:4)
  3 ogres (D:4)
  A howler monkey (D:5)
  A centaur zombie (D:4)
  2 iguanas
  2 orc wizards (D:3)
  A hound skeleton (D:4)
  7 adders
  A white imp (D:3)
  An ufetubus (D:5)
  2 worms
  4 dart slugs
  11 orcs
  6 endoplasms
  3 giant cockroaches
  4 goblins
  5 hobgoblins
  3 jackals (D:3)
  2 kobolds
  2 quokkas
  8 ball pythons
  2 bats (D:3)
  2 frilled lizards
  A goblin zombie (Ossuary)
  A hobgoblin zombie (Ossuary)
  A jackal zombie (Ossuary)
  An orc zombie (Ossuary)
  3 rats
  A rat zombie (Ossuary)
83 creatures vanquished.

Vanquished Creatures (others)
  153 foxfires
153 creatures vanquished.

Grand Total: 236 creatures vanquished

Notes
Turn   | Place    | Note
-------+----------+-------------------------------------------
     0 | D:1      | croobank the Gnoll Fire Elementalist began the quest for
                  | the Orb.
     0 | D:1      | Reached XP level 1. HP: 13/13 MP: 6/6
   270 | D:1      | Found Xuruew's Armour Shop.
   428 | D:1      | Reached XP level 2. HP: 19/19 MP: 5/7
   512 | D:1      | Learned a level 2 spell: Scorch
   676 | D:2      | Reached skill level 5 in Spellcasting
   676 | D:2      | Reached XP level 3. HP: 25/25 MP: 2/9
   923 | D:2      | Reached skill level 1 in Invocations
   978 | D:2      | Reached skill level 1 in Fighting
   978 | D:2      | Reached skill level 1 in Short Blades
   978 | D:2      | Reached skill level 1 in Long Blades
   978 | D:2      | Reached skill level 1 in Axes
   978 | D:2      | Reached skill level 1 in Maces & Flails
   978 | D:2      | Reached skill level 1 in Polearms
   978 | D:2      | Reached skill level 1 in Staves
   978 | D:2      | Reached skill level 1 in Slings
   978 | D:2      | Reached skill level 1 in Bows
   978 | D:2      | Reached skill level 1 in Crossbows
   978 | D:2      | Reached skill level 1 in Throwing
   978 | D:2      | Reached skill level 1 in Armour
   978 | D:2      | Reached skill level 1 in Shields
   978 | D:2      | Reached skill level 1 in Unarmed Combat
   978 | D:2      | Reached skill level 1 in Evocations
  1067 | D:2      | Learned a level 3 spell: Confusing Touch
  1221 | D:2      | Reached XP level 4. HP: 32/32 MP: 9/11
  1230 | D:2      | Learned a level 4 spell: Flame Wave
  2049 | D:3      | Reached skill level 1 in Hexes
  2049 | D:3      | Reached skill level 1 in Summonings
  2049 | D:3      | Reached skill level 1 in Necromancy
  2049 | D:3      | Reached skill level 1 in Translocations
  2049 | D:3      | Reached skill level 1 in Transmutations
  2049 | D:3      | Reached skill level 1 in Ice Magic
  2049 | D:3      | Reached skill level 1 in Air Magic
  2049 | D:3      | Reached skill level 1 in Earth Magic
  2049 | D:3      | Reached skill level 1 in Poison Magic
  2061 | D:3      | Reached XP level 5. HP: 23/37 MP: 0/12
  2207 | D:3      | Found a snail-covered altar of Cheibriados.
  2418 | D:3      | Found a faded altar of an unknown god.
  2788 | D:4      | Noticed an ogre
  2794 | D:4      | Killed an ogre
  2795 | D:4      | Reached XP level 6. HP: 44/44 MP: 7/14
  2839 | D:4      | Reached skill level 5 in Dodging
  3108 | D:4      | Noticed a water moccasin
  3113 | D:4      | Killed a water moccasin
  3114 | D:4      | Reached XP level 7. HP: 51/51 MP: 7/15
  3540 | D:5      | Entered Level 5 of the Dungeon
  3726 | D:5      | Noticed Menkaure
  3731 | D:5      | Noticed Eustachio
  3733 | D:5      | Killed Menkaure
  3734 | D:5      | Reached skill level 5 in Stealth
  3895 | D:5      | Noticed Grinder
  3897 | D:5      | Found a sand-covered staircase.
  3904 | Ossuary  | Entered an ossuary
  3948 | D:5      | Paralysed by Grinder for 6 turns
  3955 | D:5      | Gained mutation: Your magical capacity is low. (-10% MP)
                  | [potion of mutation]
  3955 | D:5      | Gained mutation: You are clumsy. (Dex -2) [potion of
                  | mutation]
  3955 | D:5      | Gained mutation: You sometimes lose the ability to read
                  | scrolls when taking damage. [potion of mutation]
  3955 | D:5      | Gained mutation: You have a somewhat thin skeletal
                  | structure. (Dex +2, Stealth+) [potion of mutation]
  3955 | D:5      | HP: 2/51 [Grinder (4)]
  3955 | D:5      | Slain by Grinder

Illustrated notes

Levels and vault maps discovered:
D:1:      minmay_arrival_four_houses, layout_basic, serial_shops,
          nicolae_shop_waterfront
D:2:      layout_basic
D:3:      layout_loops_ring, cheibrodos_worm_habitat,
          hellmonk_ecumenical_altar_inner_sanctum,
          chequers_serial_rivers_small_a
D:4:      layout_cave_pools
D:5:      layout_basic, chequers_ossuary_entry_cave, uniq_grinder,
          uniq_crazy_yiuf_cottage, uniq_menkaure, uniq_eustachio, uniq_ijyb

Skill      XL: |  1  2  3  4  5  6  7 |
---------------+----------------------+-----
Conjurations   | 2 3 |  3.2
Spellcasting   | 5 |  5.8
Invocations    | 1 2 3 |  3.1
Fighting       | 1 2 |  2.8
Short Blades   | 1 2 |  2.8
Long Blades    | 1 2 |  2.8
Axes           | 1 2 |  2.8
Maces & Flails | 1 2 |  2.8
Polearms       | 1 2 |  2.8
Staves         | 1 2 |  2.8
Slings         | 1 2 |  2.8
Bows           | 1 2 |  2.8
Crossbows      | 1 2 |  2.8
Throwing       | 1 2 |  2.8
Armour         | 1 2 |  2.8
Shields        | 1 2 |  2.8
Unarmed Combat | 1 2 |  2.8
Evocations     | 1 2 |  2.8
Hexes          | 1 2 |  2.3
Summonings     | 1 2 |  2.3
Necromancy     | 1 2 |  2.3
Translocations | 1 2 |  2.3
Transmutations | 1 2 |  2.3
Ice Magic      | 1 2 |  2.3
Air Magic      | 1 2 |  2.3
Earth Magic    | 1 2 |  2.3
Poison Magic   | 1 2 |  2.3
Dodging        | 5 |  5.4
Stealth        | 5 |  5.1
Fire Magic     | |  5.9

Action                   |  1- 3 |  4- 6 |  7- 9 || total
-------------------------+-------+-------+-------++-------
Melee: Unarmed           |    14 |       |       ||    14
       Bite              |     2 |       |     4 ||     6
       Short sword       |       |    11 |    42 ||    53
       Punch             |       |       |     1 ||     1
Throw: Dart              |       |       |     2 ||     2
 Cast: Foxfire           |    32 |    40 |    22 ||    94
       Scorch            |     7 |    25 |    22 ||    54
       Flame Wave        |       |       |     1 ||     1
  Use: Scroll            |       |     1 |     5 ||     6
       Potion            |       |       |     4 ||     4
Armor: Robe              |     1 |     6 |    61 ||    68
Dodge: Dodged            |     9 |     5 |   121 ||   135
